 Dungeon Crawl Stone Soup version 0.31-a0-277-g31ea1f65cc (webtiles) character file.

Game seed: 7933517138446449997

228 HallandMoats the Trooper (level 5, -1/42 HPs)
             Began as a Mummy Monk on July 15, 2023.
             Slain by an iguana (3 damage)
             ... on level 4 of the Dungeon on July 16, 2023.
             The game lasted 00:05:42 (2532 turns).

HallandMoats the Trooper (Mummy Monk)               Turns: 2532, Time: 00:05:43

Health: -1/42      AC:  7    Str: 16    XL:     5   Next: 71%
Magic:  5/5        EV: 11    Int:  9    God:
Gold:   119        SH:  0    Dex: 15    Spells: 4/4 levels left

rFire   x . .        a - +0 hand axe
rCold   + . .        c - orb {light}
rNeg    + + +        k - +0 ring mail
rPois   ∞            (no helmet)
rElec   .            o - +0 cloak
rCorr   .            (no gloves)
SInv    .            p - +0 pair of boots
Will    .....        (no amulet)
Stlth   +            (no ring)
HPRegen 0.27/turn    (no ring)
MPRegen 0.09/turn

%: faith
@: glowing
A: cold resistance 1, negative energy resistance 3, torment resistance 2, heat
vulnerability 1, in touch with death 1, no potions, faith
a: no special abilities


You were on level 4 of the Dungeon.
You visited 1 branch of the dungeon, and saw 4 of its levels.

You collected 119 gold pieces.

Inventory:

Hand Weapons
 a - a +0 hand axe (weapon)
Armour
 c - an orb of light (worn)
 k - a +0 ring mail (worn)
 o - a +0 cloak (worn)
 p - a +0 pair of boots (worn)
Jewellery
 f - an amulet of magic regeneration
Wands
 r - a wand of flame (2)
Scrolls
 b - a scroll of revelation {unknown}
 d - 3 scrolls of blinking {unknown}
 e - 2 scrolls of teleportation {unknown}
 g - 2 scrolls of torment {unknown}
 h - 4 scrolls of identify {unknown}
 i - a scroll of enchant weapon {unknown}
 j - 2 scrolls of acquirement {unknown}
 l - 2 scrolls of noise {unknown}
 m - a scroll of vulnerability {unknown}
 n - a scroll of amnesia {unknown}
 q - a scroll of immolation {unknown}


   Skills:
 * Level 4.2 Fighting
 * Level 3.5 Axes
 + Level 1.5 Armour
 + Level 3.0 Dodging
 + Level 1.4 Shields


You had 4 spell levels left.
You didn't know any spells.
Your spell library contained the following spells:

 Spells                   Type           Power      Damage    Failure   Level
 Freeze                   Ice            0%         1d3       58%         1
 Kiss of Death            Conj/Necr      0%         2d5       58%         1
 Ensorcelled Hibernation  Hex/Ice        0%         N/A       75%         2
 Lesser Beckoning         Tloc           0%         N/A       75%         2
 Confusing Touch          Hex            0%         N/A       92%         3
 Frozen Ramparts          Ice            0%         1d1       92%         3
 Gell's Gravitas          Tloc           0%         N/A       92%         3
 Hailstorm                Conj/Ice       0%         3d3       92%         3
 Teleport Other           Tloc           0%         N/A       92%         3
 Anguish                  Hex/Necr       0%         N/A       100%        4
 Dispel Undead            Necr           0%         3d6       100%        4


Dungeon Overview and Level Annotations

Branches:
Dungeon (4/15)
 Temple: D:4-7

Altars:

Annotations:
D:4 Blork the orc


Innate Abilities, Weirdness & Mutations

You are immune to poison.
Your flesh is cold resistant. (rC+)
You are immune to negative energy. (rN+++)
You are immune to unholy pain and torment.
You are vulnerable to heat. (rF-)
You are in touch with the powers of death.
You do not drink.
You have a special connection with the divine. (Faith)


Message History

Blork the orc barely misses you. The iguana closely misses you.
Blork the orc hits you from afar with a +0 glaive.
The iguana closely misses you.
You hit the iguana but do no damage.
The iguana is moderately wounded.
Blork the orc begins to cast a cantrip, but forgets the words!
The iguana barely misses you.
Blork the orc hits you from afar with a +0 glaive!
You barely miss the iguana.
The iguana is moderately wounded.
Blork the orc barely misses you. The iguana bites you!
The jackal bites you but does no damage.
You hit the iguana.
The iguana is moderately wounded.
You barely miss the jackal. You hit the sleepcap.
Blork the orc hits you from afar with a +0 glaive!
The jackal bites you but does no damage.
Blork the orc barely misses you. The sleepcap misses you.
The iguana bites you but does no damage.
You barely miss the jackal. You hit the iguana but do no damage.
You hit the sleepcap but do no damage.
The jackal bites you but does no damage.
Blork the orc misses you. The sleepcap closely misses you.
The iguana closely misses you. The jackal barely misses you.
Blork the orc closely misses you.
You hit the jackal but do no damage. You hit the sleepcap but do no damage.
You hit the iguana. Blork the orc misses you. The jackal closely misses you.
The sleepcap releases spores at you but does no damage.
The iguana bites you but does no damage.
You hit the jackal but do no damage. You hit the iguana.
You hit the sleepcap but do no damage.
Blork the orc begins to cast a cantrip, but forgets the words!
The jackal bites you. The sleepcap releases spores at you.
The iguana closely misses you.
Blork the orc hits you from afar with a +0 glaive!
* * * LOW HITPOINT WARNING * * *
The jackal bites you.
* * * LOW HITPOINT WARNING * * *
The iguana attacks as you move away! The iguana bites you.
You die...

#..# #.# #.
#..## #.# #. #
#...###.# #. #.
#.......# #.
.... #.#.#####
#.
......######.#.#
#.
.............#.#
#.
......###f...#.#
.....hol@......#
......###h######
..... ..<# ....
##### ... ##


You could see Blork the orc (fast), a sleepcap, an iguana and 2 jackals.

Vanquished Creatures
  A scorpion (D:4)
  6 adders
  2 worms
  A dart slug (D:1)
  10 orcs (D:3)
  14 endoplasms
  3 giant cockroaches
  5 goblins
  7 hobgoblins
  7 jackals
  8 kobolds
  6 quokkas
  6 ball pythons
  4 bats
  2 frilled lizards (D:2)
  4 rats
86 creatures vanquished.

Notes
Turn   | Place    | Note
-------+----------+-------------------------------------------
     0 | D:1      | HallandMoats the Mummy Monk began the quest for the Orb.
     0 | D:1      | Reached XP level 1. HP: 18/18 MP: 1/1
    84 | D:1      | Reached XP level 2. HP: 23/24 MP: 2/2
   416 | D:1      | Gained mutation: You are in touch with the powers of death.
                  | [Mummy growth]
   416 | D:1      | Reached XP level 3. HP: 23/29 MP: 3/3
  1073 | D:2      | Reached XP level 4. HP: 36/36 MP: 4/4
  1077 | D:2      | Reached skill level 1 in Shields
  1115 | D:2      | Reached skill level 1 in Armour
  1454 | D:3      | Found a faded altar of an unknown god.
  2075 | D:3      | Reached XP level 5. HP: 15/42 MP: 5/5
  2302 | D:4      | Reached skill level 4 in Fighting
  2518 | D:4      | Noticed Blork the orc
  2531 | D:4      | HP: 2/42 [jackal (1)]
  2532 | D:4      | Slain by an iguana

Illustrated notes

Levels and vault maps discovered:
D:1:      spicycebolla_green_bress_n_ham_2, layout_basic,
          amcnicky_mini_corridor_feature
D:2:      layout_rooms, kennysheep_small_spiral, chequers_avenue
D:3:      layout_loops_cross, hellmonk_ecumenical_altar_run_dry,
          chequers_serial_rivers_room_a
D:4:      layout_loops_ring, minmay_temple_entry_large_hall,
          hangedman_decor_points, chequers_serial_rivers_micro_e,
          uniq_blork_the_orc

Skill      XL: |  1  2  3  4  5 |
---------------+----------------+-----
Shields        | 1 |  1.4
Armour         | 1 |  1.5
Axes           | 3 |  3.5
Fighting       | 4 |  4.2
Dodging        | 3 |  3.0

Action                     |  1- 3 |  4- 6 || total
---------------------------+-------+-------++-------
  Melee: Hand axe          |    96 |   163 ||   259
 Armour: Robe              |    27 |       ||    27
         Ring mail         |     1 |    64 ||    65
  Dodge: Dodged            |    60 |   117 ||   177

Table legend: (Time is in decaauts)
 A = Elapsed time spent in this place.
 B = Non-inter-level travel time spent in this place.
 C = Inter-level travel time spent in this place.
 D = Time resting spent in this place.
 E = Time spent auto-exploring this place.
 F = Levels seen in this place.
 G = Mean time per level.
                   A        B        C        D        E       F      G
               +--------+--------+--------+--------+--------+-----+--------+
         Total |   2571 |   2531 |     40 |    244 |   1558 |   4 |  642.8 |
       Dungeon |   2571 |   2531 |     40 |    244 |   1558 |   4 |  642.8 |
               +--------+--------+--------+--------+--------+-----+--------+

Top non-repeatable levels by time:
     D:3: 872 daAuts
     D:1: 777 daAuts
     D:2: 608 daAuts
     D:4: 313 daAuts
